 Dungeon Crawl Stone Soup version 0.21.1-1-g345015f (webtiles) character file.

456 GoodBoy the Ruffian (level 6, -5/59 HPs)
             Began as a Troll Monk on Mar 10, 2018.
             Slain by an orc warrior
             ... wielding a +0 trident
              (11 damage)
             ... on level 5 of the Dungeon.
             The game lasted 00:08:48 (2540 turns).

GoodBoy the Ruffian (Troll Monk)                    Turns: 2540, Time: 00:08:51

Health: -5/59      AC:  6    Str: 20    XL:     6   Next: 77%
Magic:  3/5        EV: 11    Int:  6    God:
Gold:   206        SH:  0    Dex: 14    Spells: 3/5 levels left

rFire    . . .     SeeInvis .     - Unarmed
rCold    . . .     Gourm    +   (no shield)
rNeg     . . .     Faith    .   a - +0 robe
rPois    .         Spirit   .   (helmet restricted)
rElec    .         Reflect  .   t - +0 cloak
rCorr    .         Harm     .   (gloves unavailable)
MR       .....                  (boots unavailable)
Stlth    ++........             (no amulet)
HPRegen  0.59/turn              (no ring)
MPRegen  0.09/turn              (no ring)

@: very slightly contaminated
A: large, unfitting armour, claws 3, fast metabolism 3, gourmand, regeneration
1, shaggy fur 1, tough skin 2
a: no special abilities


You were on level 5 of the Dungeon.
You were completely stuffed.

You visited 1 branch of the dungeon, and saw 5 of its levels.

You collected 206 gold pieces.

Inventory:

Missiles
 g - 86 arrows
 k - 30 stones (quivered)
 u - 16 sling bullets
Armour
 a - a +0 robe (worn)
 t - a +0 cloak (worn)
Jewellery
 c - a +4 ring of slaying {unknown}
Scrolls
 h - a scroll of amnesia {unknown}
 m - 6 scrolls of identify {unknown}
 n - 4 scrolls of teleportation {unknown}
 q - 2 scrolls of random uselessness {unknown}
 r - 2 scrolls of fear {unknown}
 v - a scroll of blinking {unknown}
 w - a scroll of noise {unknown}
Potions
 d - a potion of invisibility {unknown}
 e - a potion of brilliance {unknown}
 f - 2 potions of heal wounds {unknown}
 i - a potion of cancellation {unknown}
 j - 2 potions of degeneration {unknown}
 l - a potion of ambrosia {unknown}
 o - a potion of curing {unknown}
 p - a potion of might {unknown}
 s - a potion of flight {unknown}
Books
 x - a book of Minor Magic

   Spells                             Type                      Level
   a - Magic Dart                     Conjuration                  1
   b - Blink                          Translocation                2
   c - Call Imp                       Summoning                    2
   d - Slow                           Hexes                        2
   e - Conjure Flame                  Conjuration/Fire             3
   f - Mephitic Cloud                 Conjuration/Poison/Air       3
Comestibles
 b - 7 rations
 z - 6 chunks of flesh


   Skills:
 + Level 2.9 Fighting
 * Level 3.6 Throwing
 + Level 3.3 Dodging
 - Level 1.0 Stealth
 + Level 5.4 Unarmed Combat


You had 3 spell levels left.
You knew the following spells:

 Your Spells              Type           Power        Failure   Level  Hunger
a - Blink                 Tloc           N/A          58%         2    ###....


Dungeon Overview and Level Annotations

Branches:
Dungeon (5/15)
 Temple: D:4-7

Altars:
Cheibriados
Sif Muna
Xom


Innate Abilities, Weirdness & Mutations

You are too large for most types of armour.
You have claws for hands.
Your metabolism is lightning-fast.
You like to eat raw meat.
Your natural rate of healing is unusually fast.
You are covered in fur. (AC +1)
You have very tough skin. (AC +2)


Message History

The orc warrior is moderately wounded.
You closely miss the orc warrior.
The orc warrior is moderately wounded.
The orc warrior hits you with a trident!
* * * LOW HITPOINT WARNING * * *
You scratch the orc warrior.
The orc warrior is moderately wounded.
The orc warrior hits you with a trident.
* * * LOW HITPOINT WARNING * * *
You scratch the orc warrior.
The orc warrior is moderately wounded.
The orc warrior barely misses you.
Okay, then.
Casting: Blink
Confirm with . or Enter, or press ? or * to list all spells.
You miscast Blink.
You are very lightly contaminated with residual magic.
You feel a wrenching sensation.
The orc warrior hits you with a trident!
You die...

#$..# #.#.##
#....## .#
###.....####..##
#...<...........
...o.......####..#
#.................
#.._8_.###o##.###.
#...... #.@..# #
##..... #....###.#
#..### #.###(....#
#.. #.# #.(###.#
..# #.## #.# #.##
... ## ..


You could see an orc warrior.

Vanquished Creatures
  Edmund (D:4)
  A howler monkey (D:4)
  A crimson imp (D:4)
  An orc priest (D:4)
  Crazy Yiuf (D:3)
  A bullfrog skeleton (D:5)
  An orc wizard (D:4)
  5 adders
  3 oozes
  4 worms
  2 dart slugs
  5 leopard geckos
  10 orcs
  2 ball pythons
  7 bats
  5 giant cockroaches
  4 goblins
  10 hobgoblins
  2 quokkas
  2 frilled lizards (D:1)
  5 kobolds
  9 rats
  A fungus (D:3)
83 creatures vanquished.

Notes
Turn   | Place    | Note
-------+----------+-------------------------------------------
     0 | D:1      | GoodBoy the Troll Monk began the quest for the Orb.
     0 | D:1      | Reached XP level 1. HP: 22/22 MP: 0/0
   162 | D:1      | Reached XP level 2. HP: 28/29 MP: 1/1
   537 | D:2      | Reached XP level 3. HP: 34/36 MP: 2/2
   657 | D:2      | Reached skill level 1 in Throwing
  1069 | D:3      | Reached XP level 4. HP: 37/44 MP: 3/3
  1290 | D:3      | Reached skill level 4 in Unarmed Combat
  1393 | D:3      | Found a runed door.
  1397 | D:3      | Noticed Crazy Yiuf
  1413 | D:3      | Killed Crazy Yiuf
  1592 | D:3      | Reached XP level 5. HP: 45/50 MP: 4/4
  1611 | D:4      | Found a snail-covered altar of Cheibriados.
  2037 | D:4      | Learned a level 2 spell: Blink
  2039 | D:4      | Noticed an ogre
  2235 | D:5      | Entered Level 5 of the Dungeon
  2248 | D:4      | Noticed Edmund
  2268 | D:4      | Killed Edmund
  2268 | D:4      | Reached skill level 5 in Unarmed Combat
  2268 | D:4      | Reached XP level 6. HP: 48/59 MP: 5/5
  2453 | D:5      | Found a shimmering altar of Xom.
  2453 | D:5      | Found a deep blue altar of Sif Muna.
  2526 | D:5      | Noticed an orc warrior
  2540 | D:5      | Slain by an orc warrior

Skill      XL: |  1  2  3  4  5 |
---------------+----------------+-----
Throwing       | 1 3 |  3.6
Unarmed Combat | 4 5 |  5.4
Dodging        | 3 |  3.3
Fighting       | |  2.9
Stealth        | |  1.0

Action                   |  1- 3 |  4- 6 || total
-------------------------+-------+-------++-------
Melee: Unarmed           |    92 |   132 ||   224
       Punch             |     1 |     3 ||     4
Throw: Stone             |    29 |    73 ||   102
  Eat: Chunk             |    15 |    14 ||    29
Armor: Robe              |    29 |    31 ||    60
Dodge: Dodged            |    41 |    43 ||    84
